 Dungeon Crawl Stone Soup version 0.30-a0-6-g7c9e10e132 (webtiles) character file.

Game seed: 7789493110221102030

42 nickcage the Poker (level 3, -8/27 HPs)
             Began as a Merfolk Gladiator on Aug 22, 2022.
             Killed by nerve-wracking pain
             ... invoked by Jessica
              (11 damage)
             ... on level 2 of the Dungeon.
             The game lasted 00:02:16 (1444 turns).

nickcage the Poker (Merfolk Gladiator)              Turns: 1444, Time: 00:02:16

Health: -8/27      AC:  4    Str: 16    XL:     3   Next: 54%
Magic:  3/3        EV: 13    Int:  7    God:
Gold:   106        SH:  0    Dex: 15    Spells: 2/2 levels left

rFire   . . .      SeeInvis .    a - +0 trident
rCold   . . .      Faith    .    (no shield)
rNeg    . . .      Spirit   .    b - +0 leather armour
rPois   .          Reflect  .    c - +0 helmet
rElec   .          Harm     .    (no cloak)
rCorr   .          Rampage  .    (no gloves)
Will    .....                    (no boots)
Stlth   +.........               (no amulet)
HPRegen 0.09/turn                (no ring)
MPRegen 0.08/turn                (no ring)

@: no status effects
A: (nimble swimmer 2), mertail
a: no special abilities


You were on level 2 of the Dungeon.
You visited 1 branch of the dungeon, and saw 2 of its levels.

You collected 106 gold pieces.

Inventory:

Hand Weapons
 a - a +0 trident (weapon)
Missiles
 d - 3 throwing nets
 e - a javelin
 n - 6 poisoned darts (quivered)
Armour
 b - a +0 leather armour (worn)
 c - a +0 helmet (worn)
Scrolls
 f - a scroll of poison {unknown}
 h - 3 scrolls of teleportation {unknown}
 j - a scroll of identify {unknown}
 l - a scroll of enchant armour {unknown}
 m - a scroll of acquirement {unknown}
 o - a scroll of amnesia {unknown}
 q - a scroll of blinking {unknown}
Potions
 g - a potion of heal wounds {unknown}
 i - a potion of experience {unknown}
 k - 2 potions of lignification {unknown}
 p - a potion of might {unknown}


   Skills:
 - Level 2.1 Fighting
 + Level 5.9 Polearms
 - Level 2.0 Throwing
 - Level 4.0 Dodging


You had 2 spell levels left.
You didn't know any spells.
Your spell library was empty.

Dungeon Overview and Level Annotations

Branches:
Dungeon (2/15)

Altars:

Annotations:
D:2 Jessica


Innate Abilities, Weirdness & Mutations

((You are very nimble when in or above water. (Stealth+, EV+, Speed+++)))
Your lower body shifts to a powerful aquatic tail in water.


Message History

There is a stone staircase leading down here.
You climb downwards.
Found a white potion and a scroll labelled QOARUL SIRYNTIGU.
There is a stone staircase leading up here.
p - a white potion
There is a stone staircase leading up here.
A rat comes into view.
The rat twitches its whiskers.
You reach to attack!
You hit the rat.
You kill the rat!
No target in view!
No target in view!
q - a scroll labelled QOARUL SIRYNTIGU A ball python comes into view.
You reach to attack!
The helpless ball python fails to defend itself.
You puncture the ball python!
You kill the ball python!
No target in view!
No target in view!
Jessica and a hobgoblin come into view.
An adder comes into view.
Jessica shouts!
The hobgoblin shouts!
The adder hisses angrily.
You see here a ball python corpse.
An adder comes into view.
You barely miss Jessica. Jessica hits you with a +0 club.
You closely miss Jessica. Jessica gestures at you while chanting.
Pain shoots through your body!
Ouch! That really hurt!
* * * LOW HITPOINT WARNING * * *
You are too injured to fight recklessly!
You are too injured to fight recklessly!
You are too injured to fight recklessly!
You completely miss Jessica. Jessica hits you with a +0 club.
* * * LOW HITPOINT WARNING * * *
You completely miss Jessica. Jessica casts a spell at you.
Pain shoots through your body!
You die...

#..##
#.##
#.#####
#.....#
#####.#
#.# #†#
#.# #@#
#@# #g#
#S# S..
##. .
..


You could see 2 adders, Jessica and a hobgoblin.

Vanquished Creatures
  A gnoll (D:1)
  2 ball pythons
  2 bats (D:1)
  4 endoplasms (D:1)
  4 goblins (D:1)
  4 hobgoblins (D:1)
  A quokka (D:1)
  6 frilled lizards (D:1)
  2 kobolds (D:1)
  7 rats
33 creatures vanquished.

Notes
Turn   | Place    | Note
-------+----------+-------------------------------------------
     0 | D:1      | nickcage the Merfolk Gladiator began the quest for the Orb.
     0 | D:1      | Reached XP level 1. HP: 16/16 MP: 1/1
   250 | D:1      | Found a faded altar of an unknown god.
   260 | D:1      | Reached XP level 2. HP: 22/22 MP: 2/2
   415 | D:1      | Reached skill level 5 in Polearms
   678 | D:1      | Reached XP level 3. HP: 15/27 MP: 3/3
  1437 | D:2      | Noticed Jessica
  1444 | D:2      | Killed from afar by Jessica

Illustrated notes

Levels and vault maps discovered:
D:1:      dpeg_arrival_morbid_curiosity, layout_basic, basic_ecumenical_altar
D:2:      layout_loops_ring, serial_shops, nicolae_shop_window_shopping, shop,
          shop, nicolae_shop_statue_plus, serial_glass, glass_columns_b,
          glass_columns_a, uniq_jessica, uniq_sigmund

Skill      XL: |  1  2 |
---------------+-------+-----
Polearms       | 5 |  5.9
Fighting       | |  2.1
Throwing       | |  2.0
Dodging        | |  4.0

Action                   || total
-------------------------++-------
Melee: Trident           ||   100
 Stab: Sleeping          ||     3
Armor: Leather armour    ||    18
Dodge: Dodged            ||    43

Table legend: (Time is in decaauts)
 A = Elapsed time spent in this place.
 B = Non-inter-level travel time spent in this place.
 C = Inter-level travel time spent in this place.
 D = Time resting spent in this place.
 E = Time spent auto-exploring this place.
 F = Levels seen in this place.
 G = Mean time per level.
                   A        B        C        D        E       F      G
               +--------+--------+--------+--------+--------+-----+--------+
         Total |   1447 |   1330 |    117 |    174 |    949 |   2 |  723.5 |
       Dungeon |   1447 |   1330 |    117 |    174 |    949 |   2 |  723.5 |
               +--------+--------+--------+--------+--------+-----+--------+

Top non-repeatable levels by time:
     D:1: 1414 daAuts
     D:2: 33 daAuts
